Map: Eternal Empire LE

Players

Lambo

  • Race: Zerg Zerg
  • League: Diamond
  • Spawn Location: 1:00

cure - Winner!

  • Race: Terran Terran
  • Spawn Location: 7:00

Event: Shopify TSL 5

VOD

Have the link to the VOD?

Description

Time

  • Played on: May 23, 2020, 7:40 a.m.
  • Length: 9:23

All games in this series

Show
View Real Time Build Order
Export as new Build Order

Lambo Zerg 

Build Orders: Pool First, Muta Ling Bane 

Get SALT Encoding   

  12  0:01  Drone  
  13  0:13  Overlord  
  13  0:17  Drone  
  14  0:31  Drone x2  
  14  0:35  Drone  
  17  0:43  Spawning Pool  
  17  0:48  Drone  
  17  0:57  Drone  
  18  1:11  Hatchery  
  18  1:13  Extractor  
  18  1:16  Drone  
  17  1:22  Drone  
  18  1:30  Queen  
  18  1:32  Zergling x2  
  21  1:41  Overlord  
  21  1:50  Drone  
  22  2:03  Drone  
  22  2:06  Queen  
  25  2:13  Drone  
  26  2:20  Hatchery  
  25  2:24  Metabolic Boost  
  25  2:27  Drone  
  26  2:30  Drone  
  26  2:33  Drone  
  26  2:36  Drone  
  29  2:42  Drone x2  
  31  2:46  Drone  
  31  2:49  Overlord  
  32  2:52  Drone  
  32  2:55  Drone  
  34  3:04  Queen  
  36  3:08  Drone x2  
  38  3:15  Queen  
  38  3:16  Drone  
  38  3:17  Drone  
  38  3:19  Drone x2  
  44  3:23  Overlord  
  44  3:35  Drone x3  
  44  3:36  Queen  
  44  3:40  Overlord  
  49  3:42  Queen  
  49  3:46  Zergling x4  
  53  3:51  Extractor  
  53  3:52  Lair  
  53  3:53  Drone  
  53  3:56  Zergling x4  
  53  3:59  Drone x2  
  53  4:02  Drone  
  58  4:03  Drone  
  59  4:10  Drone x3, Baneling Nest  
  59  4:15  Overlord  
  61  4:17  Evolution Chamber  
  61  4:19  Drone x2  
  61  4:22  Overlord  
  62  4:24  Drone x2  
  62  4:28  Overlord  
  64  4:34  Overlord  
  64  4:36  Spore Crawler  
  64  4:37  Spore Crawler  
  62  4:39  Drone  
  62  4:41  Extractor, Drone, Spore Crawler  
  62  4:43  Extractor, Drone  
  62  4:45  Drone  
  63  4:48  Drone x2  
  63  4:50  Drone x2  
  67  4:54  Drone x3  
  70  5:01  Spire  
  70  5:02  Drone  
  70  5:03  Drone  
  71  5:08  Drone x2  
  71  5:10  Drone x3  
  71  5:12  Drone  
  71  5:13  Overseer  
  77  5:17  Drone x3  
  80  5:24  Overlord  
  80  5:25  Drone x2  
  80  5:26  Drone  
  80  5:27  Drone  
  80  5:28  Overlord  
  84  5:30  Extractor  
  84  5:31  Extractor  
  84  5:32  Drone x3  
  85  5:36  Centrifical Hooks  
  85  5:38  Evolution Chamber  
  85  5:39  Drone  
  85  5:44  Overlord  
  85  5:45  Drone x2  
  82  6:11  Drone x2  
  82  6:13  Hatchery  
  82  6:17  Drone x2  
  83  6:19  Drone x4  
  83  6:20  Mutalisk x6  
  83  6:23  Queen  
  101  6:26  Mutalisk  
  103  6:33  Mutalisk  
  103  6:36  Zergling x6  
  108  6:41  Zergling x2  
  108  6:42  Zergling x4  
  108  6:45  Zergling x2  
  108  6:46  Zergling x4  
  113  6:49  Overlord x2  
  113  6:50  Overlord x2  
  113  6:53  Zerg Ground Armor Level 1, Zerg Melee Weapons Level 1  
  113  6:54  Overlord  
  113  6:56  Overlord  
  113  6:59  Overlord  
  113  7:01  Overlord  
  113  7:04  Baneling x7  
  113  7:07  Overlord  
  113  7:08  Zergling x2, Baneling x5  
  111  7:09  Zergling x2  
  111  7:11  Baneling  
  111  7:13  Zergling x8  
  111  7:15  Baneling x4  
  117  7:16  Zergling x2  
  117  7:18  Zergling x6  
  117  7:20  Baneling  
  117  7:21  Baneling  
  121  7:23  Zergling x8  
  121  7:27  Zergling x4  
  121  7:29  Zergling x2  
  128  7:30  Zergling x2  
  128  7:36  Zergling x2, Baneling x2  
  130  7:39  Zergling x4  
  130  7:42  Zergling x8  
  134  7:50  Zergling x8  
  116  7:53  Zergling x2  
  103  8:02  Mutalisk x7  
  103  8:05  Baneling  
  116  8:08  Zergling x6  
  116  8:11  Baneling x4  
  119  8:14  Drone x4  
  119  8:17  Zergling x14  
  130  8:21  Baneling x7  
  130  8:22  Zergling x4  
  130  8:26  Unknown  
  130  8:31  Zergling x14  
  130  8:38  Zergling x6  
  130  8:39  Zergling x2  
  123  8:43  Zergling x8  
  123  8:46  Zergling x8  
  131  8:50  Zergling x2  
  131  8:54  Zergling x4  
  125  9:04  Zergling x6  
Show
View Real Time Build Order
Export as new Build Order

cure Terran - Winner!

Build Orders: Reaper Expand, Banshee Rush 

Get SALT Encoding   

  12  0:00  SCV  
  13  0:12  SCV  
  14  0:18  Supply Depot  
  14  0:25  SCV  
  15  0:40  SCV  
  15  0:41  Barracks  
  16  0:44  Refinery  
  16  0:52  SCV  
  17  1:04  SCV  
  18  1:16  SCV  
  19  1:28  Orbital Command, Reaper  
  20  1:40  Command Center  
  20  1:50  Supply Depot  
  20  1:54  SCV  
  20  2:00  Marine  
  22  2:06  SCV  
  23  2:09  Factory  
  23  2:19  SCV, Refinery  
  23  2:20  Barracks Reactor  
  24  2:31  SCV  
  25  2:43  SCV  
  26  2:52  Orbital Command  
  26  2:53  Factory Tech Lab  
  26  2:55  SCV  
  26  2:56  Starport  
  26  2:58  Marine  
  29  3:07  SCV  
  30  3:19  SCV x2  
  31  3:22  Hellion  
  31  3:23  Hellion  
  35  3:30  Supply Depot  
  35  3:31  SCV x2  
  37  3:39  Cloaking Field, Banshee  
  40  3:43  SCV x2  
  40  3:45  Hellion  
  40  3:46  Hellion  
  46  3:53  Barracks Tech Lab  
  46  3:54  Supply Depot  
  46  3:55  SCV x2  
  48  4:07  SCV x2  
  50  4:14  Command Center  
  50  4:16  Supply Depot  
  50  4:19  SCV  
  50  4:20  SCV  
  50  4:22  Banshee  
  55  4:25  Marine, Stimpack  
  56  4:32  SCV x2  
  56  4:34  Factory Reactor  
  56  4:37  Supply Depot  
  58  4:43  Marine  
  58  4:44  SCV x2  
  61  4:51  Barracks  
  61  4:53  Barracks  
  61  4:54  Engineering Bay  
  61  4:56  Engineering Bay  
  61  4:59  SCV  
  63  5:00  SCV  
  63  5:01  Marine  
  63  5:04  Refinery x2  
  64  5:12  SCV x2  
  66  5:18  Marine  
  67  5:21  Terran Infantry Weapons Level 1  
  67  5:22  Starport Reactor, Terran Infantry Armor Level 1  
  67  5:27  Orbital Command  
  67  5:29  SCV x2  
  69  5:36  Marine  
  69  5:39  Marine x2  
  72  5:44  SCV x2  
  72  5:45  Barracks x2  
  72  5:46  Siege Tank  
  72  5:48  Marine x2  
  72  5:49  Supply Depot  
  79  5:54  Orbital Command  
  79  5:57  SCV x2, Marine x3  
  81  6:02  Medivac  
  81  6:04  Medivac  
  88  6:06  Marine x2  
  91  6:11  SCV x2  
  91  6:16  Marine x3  
  91  6:17  Combat Shield  
  92  6:19  Siege Tank  
  92  6:21  Supply Depot  
  92  6:23  SCV x3, Marine  
  92  6:24  Marine  
  100  6:30  Supply Depot  
  100  6:31  Supply Depot  
  100  6:33  Barracks Reactor  
  100  6:34  Barracks Reactor  
  100  6:35  SCV  
  101  6:42  Marine x5  
  101  6:43  SCV x2  
  108  6:48  Armory, Supply Depot  
  108  6:49  SCV  
  108  6:51  Siege Tank  
  112  6:55  SCV x2  
  112  6:58  Missile Turret x2  
  112  7:00  Missile Turret  
  114  7:06  Marine x5  
  119  7:11  Supply Depot  
  119  7:14  Medivac  
  119  7:15  Supply Depot  
  121  7:16  Medivac  
  121  7:22  SCV  
  121  7:23  SCV x2, Marine  
  121  7:28  Marine x8  
  132  7:35  Siege Tank  
  135  7:38  Supply Depot  
  135  7:39  Supply Depot  
  135  7:43  Marine  
  136  7:44  Refinery x2  
  136  7:46  Marine x5  
  130  7:54  Marine x3  
  109  8:01  Marine  
  109  8:04  SCV, Marine x4  
  109  8:05  SCV x2  
  116  8:07  Marine  
  116  8:10  Siege Tank  
  116  8:12  Marine x3  
  120  8:13  Medivac  
  120  8:19  Marine  
  126  8:21  Marine x4  
  126  8:23  Medivac  
  126  8:25  Marine  
  133  8:30  Marine x3  
  135  8:35  Command Center  
  135  8:36  Marine, Factory  
  135  8:39  Marine x4  
  131  8:43  Marine  
  131  8:48  Marine x3, Supply Depot x2  
  134  8:50  Siege Tank  
  134  8:51  Supply Depot  
  134  8:52  Medivac  
  134  8:53  Medivac  
  134  8:54  Marine  
  142  8:57  Marine x2  
  142  8:58  Marine x2  
  142  9:01  Marine  
  145  9:16  Barracks  
  145  9:17  Barracks x2  
Tags
 
Add a new tag
Caveats
  • Supply blocks, unpowered buildings, or Contaminate may cause inaccurate times.
  • Supply counts are checked every 10 seconds.